AoeStats
← Chiripa605

Arena

508744224Analyzed
4v4 RM · 7d ago on Sep 23, 2026· 46m 52s· 8 players
Game mode
Random Map
Map size
Large (8 player)
Population
200
Speed
Normal
Resources
Standard
Victory
Conquest
Starting age
Dark Age
Ending age
Imperial Age
RankedLock teamsTeams togetherTeam positionsShared explorationLock speedFull tech treeHidden civsTurbo modeCheats
Victory
Defeat
🇮🇹 Cumans · Italy
1494
+14
🇮🇹 Teutons · Italy
1403
+17
🇮🇹 Byzantines · Italy
1294
+22
🇮🇹 Goths · Italy
1284
+21
🇧🇷 Georgians · Brazil
1499
-21
🇺🇸 Danes · United States
1429
-19
🇦🇷 Varangians · Argentina
1420
-18
🇩🇪 Mongols · Germany
1364
-16
Chiripa605
10:26 Feudal Age
14:05 Castle Age
12:06 Double-Bit Axe
12:33 Horse Collar
15:01 Bow Saw
15:56 Heavy Plow
16:58 Squires
17:28 Gambesons
17:59 Man-at-Arms
18:53 Scale Mail Armor
18:40 Long Swordsman
20:04 Chain Mail Armor
21:25 Loom
21:37 Arson
23:25 Forging
26:32 Wheelbarrow
26:17 Pikeman
32:21 Gold Mining
32:22 Stone Mining
33:27 Iron Casting
36:18 Imperial Age
35:03 Stone Shaft Mining
35:14 Hand Cart
36:20 Halberdier
37:43 Plate Mail Armor
36:43 Two-Handed Swordsman
37:47 Champion
40:26 Blast Furnace
42:14 Conscription
41:18 Hamask
42:53 Capped Ram
EoK_pr1ston
10:39 Feudal Age
14:32 Castle Age
12:38 Double-Bit Axe
12:51 Horse Collar
18:34 Bow Saw
22:29 Heavy Plow
26:07 Wheelbarrow
26:28 Loom
29:24 Imperial Age
27:39 Scale Mail Armor
27:49 Forging
28:14 Guard Tower
28:32 Svan Towers
28:28 Pikeman
29:09 Squires
30:06 Ballistics
30:16 Hand Cart
29:34 Halberdier
31:13 Keep
30:51 Fletching
31:27 Bodkin Arrow
32:02 Chain Mail Armor
33:14 Iron Casting
33:03 Bracer
34:47 Plate Mail Armor
35:19 Blast Furnace
36:14 Chemistry
35:00 Arrowslits
35:26 Masonry
34:43 Onager
39:38 Siege Engineers
40:04 Architecture
40:38 Siege Onager
43:15 Scale Barding Armor
43:17 Treadmill Crane
43:33 Murder Holes
44:00 Conscription
44:56 Bloodlines
44:46 Husbandry
45:08 Chain Barding Armor
Juanki
3:20 Loom
11:12 Feudal Age
15:37 Castle Age
13:51 Double-Bit Axe
14:03 Horse Collar
14:59 Town Watch
16:25 Wheelbarrow
15:38 Town Watch
16:53 Bow Saw
23:32 Stone Mining
23:32 Gold Mining
23:30 Light Cavalry
24:20 Bloodlines
24:42 Heavy Plow
25:04 Bloodlines
24:54 Husbandry
26:11 Scale Barding Armor
28:20 Husbandry
29:05 Hand Cart
33:35 Imperial Age
31:31 Forging
31:23 Scale Mail Armor
32:25 Chain Mail Armor
33:13 Squires
32:59 Gambesons
33:52 Iron Casting
32:56 Pikeman
33:40 Arson
35:08 Conscription
34:45 Elite Varangian Guard
35:40 Halberdier
36:19 Capped Ram
39:23 Chain Barding Armor
40:58 Cavalier
44:20 Blast Furnace
43:50 Plate Mail Armor
43:11 Heavy Scorpion
45:13 Plate Barding Armor
lumpensammler666
9:57 Feudal Age
13:39 Castle Age
12:12 Double-Bit Axe
12:07 Horse Collar
14:37 Bow Saw
15:12 Bow Saw
18:22 Loom
22:09 Wheelbarrow
28:49 Imperial Age
27:08 Fletching
27:18 Padded Archer Armor
27:50 Bodkin Arrow
28:59 Leather Archer Armor
29:35 Bracer
29:58 Conscription
30:10 Heavy Plow
32:30 Chemistry
31:51 Ballistics
31:41 Masonry
36:24 Scale Barding Armor
36:30 Forging
37:39 Bloodlines
37:29 Husbandry
38:19 Light Cavalry
39:20 Chain Barding Armor
39:35 Iron Casting
Spada_Arancio
10:34 Feudal Age
14:38 Castle Age
12:59 Double-Bit Axe
13:02 Horse Collar
16:28 Bow Saw
22:38 Wheelbarrow
29:33 Imperial Age
29:17 Hand Cart
29:25 Heavy Plow
30:22 Ballistics
31:18 Chemistry
30:11 Fletching
30:22 Padded Archer Armor
31:06 Thumb Ring
30:22 Elite Skirmisher
32:17 Bodkin Arrow
32:37 Leather Archer Armor
33:20 Conscription
33:33 Bracer
36:41 Ring Archer Armor
36:17 Greek Fire
41:00 Bombard Tower
43:16 Treadmill Crane
HSL | Faquilanoob
8:53 Feudal Age
9:26 Double-Bit Axe
12:06 Horse Collar
15:49 Wheelbarrow
17:54 Gold Mining
20:23 Castle Age
19:18 Bloodlines
19:15 Scale Barding Armor
21:40 Chain Barding Armor
22:09 Forging
25:34 Bow Saw
25:51 Stone Mining
26:37 Gold Shaft Mining
27:12 Iron Casting
28:24 Hand Cart
29:07 Town Watch
29:29 Fletching
30:16 Heavy Plow
30:05 Loom
30:20 Town Patrol
34:15 Imperial Age
33:21 Bodkin Arrow
34:37 Cavalier
36:41 Plate Barding Armor
37:12 Paladin
38:56 Light Cavalry
41:38 Blast Furnace
41:15 Hussar
43:31 Conscription
44:28 Two-Man Saw
43:59 Crop Rotation
44:08 Padded Archer Armor
45:54 Elite Kipchak
46:39 Caravan
MLT | Bombad Gastald
1:54 Loom
6:59 Loom
11:59 Feudal Age
15:42 Castle Age
13:39 Double-Bit Axe
13:53 Horse Collar
20:23 Scale Mail Armor
26:34 Bow Saw
26:26 Heavy Plow
29:42 Gold Mining
35:29 Imperial Age
33:35 Chain Mail Armor
33:32 Forging
35:22 Anarchy
35:20 Man-at-Arms
36:00 Squires
36:32 Conscription
35:34 Elite Huskarl
37:36 Two-Man Saw
37:21 Crop Rotation
36:24 Long Swordsman
38:00 Iron Casting
38:00 Perfusion
39:54 Blast Furnace
40:28 Chemistry
39:20 Pikeman
41:03 Two-Handed Swordsman
42:24 Champion
45:27 Ballistics
Monesi28
11:26 Feudal Age
13:03 Double-Bit Axe
15:24 Castle Age
13:19 Horse Collar
18:25 Bow Saw
19:36 Wheelbarrow
20:29 Heavy Plow
22:16 Gold Mining
22:23 Loom
23:31 Town Watch
24:23 Hand Cart
28:12 Imperial Age
26:21 Scale Mail Armor
26:31 Forging
27:20 Chain Mail Armor
28:31 Iron Casting
27:36 Pikeman
28:17 Squires
28:04 Arson
28:18 Stone Mining
28:44 Fletching
29:02 Halberdier
30:13 Plate Mail Armor
30:07 Conscription
31:16 Chemistry
31:46 Crenellations
31:40 Masonry
33:01 Hoardings
32:47 Ironclad
34:27 Padded Archer Armor
34:23 Bodkin Arrow
37:12 Blast Furnace
36:28 Leather Archer Armor
36:54 Ballistics
39:05 Siege Engineers
40:18 Scale Barding Armor
40:44 Ring Archer Armor
42:47 Guilds
42:38 Caravan
43:37 Capped Ram
45:33 Elite Skirmisher
Connection lost

Rejoining the realm…

Still unreachable

The connection could not be restored.

Session expired

The server has moved on; the page needs a fresh start.